 Dungeon Crawl Stone Soup version 0.26-a0-812-g31a745ddcd (webtiles) character file.

Game seed: 4342847306424913621

982 kae the Ruffian (level 7, -4/57 HPs)
             Began as a Pale Draconian Transmuter on Dec 1, 2020.
             Slain by a wight
             ... wielding a +4 great sword of freezing
              (5 damage)
             ... on level 6 of the Dungeon.
             The game lasted 00:03:59 (6574 turns).

kae the Ruffian (Pale Draconian Transmuter)         Turns: 6574, Time: 00:03:59

Health: -4/57      AC:  2    Str: 14    XL:     7   Next: 96%
Magic:  12/12      EV: 20    Int: 13    God:
Gold:   207        SH:  0    Dex: 17    Spells: 4/13 levels left

rFire    . . .     SeeInvis .     - Unarmed
rCold    . . .     Faith    .   (shield currently unavailable)
rNeg     . . .     Spirit   .   (armour unavailable)
rPois    x         Reflect  .   (helmet currently unavailable)
rElec    .         Harm     .   (cloak currently unavailable)
rCorr    .         Rampage  .   (gloves currently unavailable)
MR       .....                  (boots currently unavailable)
Stlth    ++........             (no amulet)
HPRegen  0.19/turn              b - ring of flight
MPRegen  0.13/turn              (no ring)

@: spider-form (expiring), drained
A: tiny, (breathe steam), unfitting armour, AC +6
a: End Transformation, Evoke Flight


You were on level 6 of the Dungeon.
You were a venomous arachnid creature.
You visited 1 branch of the dungeon, and saw 6 of its levels.

You collected 207 gold pieces.

Inventory:

Hand Weapons
 j - a +3 dagger of venom (melded)
Armour
 c - a +1 pair of gloves (melded)
Jewellery
 b - a ring of flight (left front leg)
 k - an uncursed amulet of faith
 r - an uncursed ring of fire
Wands
 o - a wand of iceblast (8)
Scrolls
 a - a scroll of identify
 g - 3 scrolls of remove curse
 h - a scroll of blinking
 m - a scroll of enchant weapon
 q - a scroll of fear
 t - a scroll of teleportation
 u - a scroll of magic mapping
Potions
 d - a potion of haste
 e - a potion of cancellation
 i - 11 potions of curing
 l - a potion of degeneration
 n - 3 potions of lignification
 p - a potion of brilliance


   Skills:
 + Level 3.6(2.5) Fighting
 + Level 3.5(2.4) Dodging
 * Level 5.6(4.5) Unarmed Combat
 + Level 3.5(2.4) Spellcasting
 * Level 4.9(3.8) Transmutations
 - Level 2.0(0.9) Poison Magic


You had 4 spell levels left.
You knew the following spells:

 Your Spells              Type           Power        Failure   Level
a - Beastly Appendage     Tmut           ##....       14%         1
b - Spider Form           Tmut/Pois      #.........   47%         3
c - Blade Hands           Tmut           ##........   92%         5

Your spell library contained the following spells:

 Spells                   Type           Power        Failure   Level
 Wereblood                Tmut           ##......     21%         2
 Ice Form                 Ice/Tmut       #.......     88%         4


Dungeon Overview and Level Annotations

Branches:
Dungeon (6/15)             Temple (0/1) D:5

Altars:
Cheibriados
Vehumet
Zin


Innate Abilities, Weirdness & Mutations

((You can breathe blasts of scalding, opaque steam.))
((Your pale cyan-grey scales are hard. (AC +6)))
You cannot fit into any form of body armour.
((You are cold-blooded and may be slowed by cold attacks.))


Message History

The wight is moderately damaged.
You hit the wight but do no damage.
The wight is moderately damaged.
The wight hits you with a +4 great sword of freezing!
* * * LOW HITPOINT WARNING * * *
The wight freezes you.
* * * LOW HITPOINT WARNING * * *
You hit the wight.
The wight is heavily damaged.
The wight completely misses you.
You hit the wight.
The wight is severely damaged.
You barely miss the wight.
The wight is severely damaged.
The wight hits you with a +4 great sword of freezing!
* * * LOW HITPOINT WARNING * * *
You feel drained.
* * * LOW HITPOINT WARNING * * *
The wight freezes you.
You die...

#.........#
##.........+
...........####
.......<.......
..#####.....#..
#.....# #.....#
#######.....#
#...sz...####
#.######## #


You could see a wight.

Vanquished Creatures
  An ice beast (D:5)
  A phantom (D:5)
  3 ogres
  A scorpion (D:5)
  2 wights (D:6)
  3 hounds (D:5)
  An orc priest (D:4)
  2 orc wizards
  A worker ant (D:4)
  A hound skeleton (D:6)
  A mummy (D:4)
  A river rat (D:4)
  5 adders
  A shadow imp (D:5)
  An ufetubus (D:5)
  5 worms
  A dart slug (D:1)
  6 leopard geckos
  16 orcs
  3 ball pythons
  7 bats
  4 giant cockroaches
  9 goblins
  7 hobgoblins
  2 jackals (D:2)
  3 quokkas
  2 frilled lizards
  A hobgoblin zombie (D:4)
  A jackal skeleton (D:4)
  5 kobolds
  2 kobold zombies (D:4)
  An orc zombie (D:4)
  A quokka skeleton (D:4)
  8 rats
109 creatures vanquished.

Vanquished Creatures (others)
  4 toadstools (D:1)
4 creatures vanquished.

Grand Total: 113 creatures vanquished

Notes
Turn   | Place    | Note
-------+----------+-------------------------------------------
     0 | D:1      | kae the Draconian Transmuter began the quest for the Orb.
     0 | D:1      | Reached XP level 1. HP: 16/16 MP: 3/3
   321 | D:1      | Reached XP level 2. HP: 23/23 MP: 3/5
   924 | D:2      | Found a radiant altar of Vehumet.
  1072 | D:2      | Reached XP level 3. HP: 6/28 MP: 6/6
  1449 | D:2      | Learned a level 3 spell: Spider Form
  1928 | D:2      | Reached XP level 4. HP: 30/36 MP: 5/7
  2454 | D:3      | Found a faded altar of an unknown god.
  2858 | D:3      | Reached skill level 1 in Poison Magic
  3323 | D:4      | Noticed an ogre
  3351 | D:4      | Reached XP level 5. HP: 34/41 MP: 3/8
  3363 | D:4      | Killed an ogre
  3363 | D:4      | Reached skill level 4 in Unarmed Combat
  3618 | D:4      | Noticed an ogre
  3629 | D:4      | Killed an ogre
  3629 | D:4      | Reached XP level 6. HP: 35/49 MP: 7/10
  4847 | D:5      | Entered Level 5 of the Dungeon
  5333 | D:5      | Found a glowing silver altar of Zin.
  5348 | D:5      | Noticed an ice beast
  5509 | D:5      | Learned a level 5 spell: Blade Hands
  5575 | D:5      | Your scales start taking on a pale cyan-grey colour.
  5575 | D:5      | Reached XP level 7. HP: 52/56 MP: 9/11
  5653 | D:5      | Found a snail-covered altar of Cheibriados.
  5684 | D:5      | Reached skill level 5 in Unarmed Combat
  5818 | D:5      | Found a staircase to the Ecumenical Temple.
  6574 | D:6      | HP: 1/57 [wight/+4 great sword of freezing (2)]
  6574 | D:6      | Slain by a wight

Illustrated notes

Levels and vault maps discovered:
D:1:      ldierk_water_garden, layout_basic, minmay_misc_feat_secret_circle,
          minmay_misc_feat_tower, minmay_shallow_snake_nest
D:2:      layout_basic, fiery_altar_vehumet
D:3:      layout_basic, chequers_ecumenical_altar_simple_redux
D:4:      layout_basic, cheibrodos_sewer_entry_sluice, minmay_mini_ossuary
D:5:      layout_cave_pods, zin_academy, temple_pool_b, minmay_ruined_shrine
D:6:      layout_basic

Skill      XL: |  1  2  3  4  5  6  7 |
---------------+----------------------+-----
Dodging        | 2 3 |  3.5
Transmutations | 3 4 |  4.9
Poison Magic   | 1 2 |  2.0
Fighting       | 2 3 |  3.6
Unarmed Combat | 4 5 |  5.6
Spellcasting   | 3 |  3.5

Action                   |  1- 3 |  4- 6 |  7- 9 || total
-------------------------+-------+-------+-------++-------
Melee: Unarmed           |   140 |    73 |    57 ||   270
       Kick              |    12 |    16 |       ||    28
       Headbutt          |     8 |     8 |       ||    16
       Tailslap          |    11 |    14 |     2 ||    27
       Punch             |     1 |     2 |       ||     3
       Dagger            |       |   138 |    15 ||   153
 Cast: Beastly Appendage |    21 |    13 |       ||    34
       Spider Form       |       |     9 |     5 ||    14
 Abil: Breathe Steam     |       |       |     3 ||     3
  Use: Potion            |     2 |     2 |       ||     4
       Scroll            |       |    17 |     2 ||    19
 Stab: Sleeping          |     2 |       |       ||     2
Armor: Skin              |    44 |    60 |     4 ||   108
Dodge: Dodged            |    91 |   132 |    42 ||   265

Table legend: (Time is in decaauts)
 A = Elapsed time spent in this place.
 B = Non-inter-level travel time spent in this place.
 C = Inter-level travel time spent in this place.
 D = Time resting spent in this place.
 E = Time spent auto-exploring this place.
 F = Levels seen in this place.
 G = Mean time per level.
                   A        B        C        D        E       F      G
               +--------+--------+--------+--------+--------+-----+--------+
         Total |   6544 |   6380 |    164 |    187 |   5228 |   6 | 1090.7 |
       Dungeon |   6544 |   6380 |    164 |    187 |   5228 |   6 | 1090.7 |
               +--------+--------+--------+--------+--------+-----+--------+

Top non-repeatable levels by time:
     D:4: 1766 daAuts
     D:5: 1593 daAuts
     D:2: 1446 daAuts
     D:1: 923 daAuts
     D:3: 783 daAuts
     D:6: 30 daAuts
